 Dungeon Crawl Stone Soup version 0.29-a0-824-gd827844252 (webtiles) character file.

Game seed: 3233685804370067347

429499 buhh the Black Belt (level 23, -4/217 HPs)
             Began as an Octopode Transmuter on July 9, 2022.
             Was the Champion of Cheibriados.
             Killed from afar by an orb of fire (15 damage)
             ... with a bolt of fire
             ... on level 5 of the Realm of Zot.
             The game lasted 00:52:24 (52375 turns).

buhh the Black Belt (Octopode Transmuter)          Turns: 52375, Time: 00:52:25

Health: -4/217     AC: 36    Str: 30    XL:     23   Next: 53%
Magic:  6/46       EV: 36    Int: 43    God:    Cheibriados [******]
Gold:   3462       SH: 25    Dex: 43    Spells: 28/42 levels left

rFire   + + .      SeeInvis +     - Unarmed
rCold   . . .      Faith    .   s - +1 tower shield of the Slightly Bent {rElec Int+4 Stlth+}
rNeg    + . .      Spirit   .   (helmet restricted)
rPois   ∞          Reflect  .   (no amulet)
rElec   +          Harm     .   l - ring of protection from fire
rCorr   +          Rampage  .   (no ring)
Will    +....      Clarity  +   o - ring of see invisible
Stlth   ++++++....              J - +4 ring of protection
HPRegen 0.46/turn               p - +6 ring of dexterity
MPRegen 0.30/turn               j - ring of Birdsong {Str+6 Dex+4}
                                h - ring of the Serpent {rCorr Dex+3}
                                E - ring of magical power

@: about to teleport, statue-form, studying Evocations, very slow
A: slow and powerful, torment resistance 1, boosted hp, almost no armour,
amphibious, 8 rings, camouflage 1, (gelatinous body 1), (nimble swimmer 1),
tentacles, clarity, fire resistance 1, no potion heal 1
}: 3/15 runes: serpentine, barnacled, slimy
a: End Transformation, Renounce Religion, Bend Time, Temporal Distortion,
Slouch, Step From Time


You were on level 5 of the Realm of Zot.
You worshipped Cheibriados.
Cheibriados was exalted by your worship.
You were a living statue of rough stone.
You visited 10 branches of the dungeon, and saw 49 of its levels.

You collected 6394 gold pieces.
You spent 2932 gold pieces at shops.

Inventory:

Hand Weapons
 X - the +8 sling "Dicko" {venom, Dex+3}
   (You bought it in a shop on level 12 of the Dungeon)

   Any ammunition fired from it poisons the flesh of those it strikes.
   Dex:       It affects your dexterity (+3).
Armour
 c - a +4 kite shield of resistance
 s - the +1 tower shield of the Slightly Bent (worn) {rElec Int+4 Stlth+}
   (You acquired it on level 1 of the Realm of Zot)

   Int:       It affects your intelligence (+4).
   rElec:     It insulates you from electricity.
   Stlth:     It makes you more stealthy.
Jewellery
 h - the ring of the Serpent (on tentacle) {rCorr Dex+3}
   (You acquired it on level 8 of the Dungeon)

   [ring of resist corrosion]

   Dex:       It affects your dexterity (+3).
   rCorr:     It protects you from acid and corrosion.
 j - the ring of Birdsong (on tentacle) {Str+6 Dex+4}
   (You acquired it on level 8 of the Dungeon)

   [ring of strength]

   Str:       It affects your strength (+6).
   Dex:       It affects your dexterity (+4).
 l - a ring of protection from fire (left tentacle)
 o - a ring of see invisible (on tentacle)
 p - a +6 ring of dexterity (on tentacle)
 u - a ring of resist corrosion
 B - the amulet of Wijebuom {Regen+ Str+7 Dex-3}
   (You found it on level 5 of the Dungeon)

   [amulet of regeneration]

   Str:       It affects your strength (+7).
   Dex:       It affects your dexterity (-3).
   Regen:     It increases your rate of health regeneration.
 D - a +6 ring of strength
 E - a ring of magical power (on tentacle)
 J - a +4 ring of protection (on tentacle)
 K - a ring of magical power
 O - the amulet "Yhaemij" {RegenMP +Inv}
   (You found it on level 5 of the Pits of Slime)

   [amulet of magic regeneration]

   It increases your rate of magic regeneration.
   +Inv:      It lets you turn invisible.
 V - a ring of protection from cold
 W - a ring of ice
 Y - a +4 ring of protection
Wands
 t - a wand of roots (22)
 C - a wand of digging (8)
 Q - a wand of flame (59)
 S - a wand of quicksilver (2)
 Z - a wand of mindburst (15)
Scrolls
 d - 3 scrolls of fog
 r - 4 scrolls of noise
 x - 5 scrolls of immolation {!d}
 y - a scroll of amnesia
 F - 4 scrolls of fear {!r}
 G - 3 scrolls of poison
 I - 2 scrolls of silence {!r}
 L - 23 scrolls of identify {!d}
 M - 12 scrolls of teleportation {!d}
 R - 3 scrolls of vulnerability
Potions
 f - 8 potions of haste {!q!d}
 g - 5 potions of might
 i - 5 potions of heal wounds {!q!d}
 k - 7 potions of degeneration
 n - 4 potions of resistance {unknown}
 v - 3 potions of mutation {!d}
 w - a potion of berserk rage {unknown}
 z - 6 potions of flight
 A - 14 potions of brilliance {!q!d}
 N - 22 potions of curing {!q!d}
 P - a potion of cancellation {unknown}
 T - a potion of ambrosia {unknown}
 U - 7 potions of attraction {unknown}
Miscellaneous
 m - a condenser vane
 q - a phantom mirror
 H - a phial of floods


   Skills:
 * Level 16.6 Fighting
 * Level 16.6 Dodging
 - Level 2.0 Stealth
 - Level 9.3 Shields
 * Level 16.6 Unarmed Combat
 - Level 10.0 Spellcasting
 - Level 10.0 Translocations
 - Level 15.0 Transmutations
 - Level 5.0 Ice Magic
 * Level 10.8 Air Magic
 - Level 15.0 Earth Magic
 - Level 2.0 Poison Magic
 - Level 13.0 Invocations


You had 28 spell levels left.
You knew the following spells:

 Your Spells              Type           Power      Damage    Failure   Level
a - Beastly Appendage     Tmut           100%       N/A       1%          1
b - Wereblood             Tmut           100%       N/A       1%          2
c - Manifold Assault      Tloc           82%        N/A       4%          5
e - Statue Form           Tmut/Erth      66%        N/A       3%          6

Your spell library contained the following spells:

 Spells                   Type           Power      Damage    Failure   Level
 Apportation              Tloc           100%       N/A       1%          1
 Sting                    Tmut/Pois      100%       1d8       1%          1
 Blink                    Tloc           100%       N/A       1%          2
 Poisonous Vapours        Pois/Air       100%       N/A       1%          2
 Static Discharge         Conj/Air       62%        3-11/arc  1%          2
 Gell's Gravitas          Tloc           82%        N/A       1%          3
 Lesser Beckoning         Tloc           82%        N/A       1%          3
 Spider Form              Tmut/Pois      76%        N/A       1%          3
 Teleport Other           Tloc           82%        N/A       1%          3
 Ice Form                 Ice/Tmut       82%        N/A       1%          4
 Passage of Golubria      Tloc           82%        N/A       1%          4
 Petrify                  Tmut/Erth      100%       N/A       1%          4
 Lee's Rapid Deconstruct  Erth           50%        3d25*     1%          5
 Frozen Ramparts          Ice            100%       1d12      3%          3
 Ignite Poison            Fire/Tmut/Pois 63%        N/A       3%          3
 Ozocubu's Armour         Ice            59%        N/A       3%          3
 Mephitic Cloud           Conj/Pois/Air  55%        N/A       4%          3
 Ensorcelled Hibernation  Hex/Ice        86%        N/A       5%          2
 Alistair's Intoxication  Tmut/Pois      50%        N/A       9%          5
 Necrotise                Necr           84%        1d8       10%         1
 Summon Small Mammal      Summ           84%        N/A       10%         1
 Iskenderun's Mystic Bla  Conj/Tloc      59%        2d12      12%         4
 Yara's Violent Unravell  Hex/Tmut       36%        3d15      12%         5
 Scorch                   Fire           42%        2d7       14%         2
 Corpse Rot               Necr/Pois/Air  55%        N/A       17%         4
 Dragon Form              Tmut           50%        N/A       17%         7
 Dispersal                Tloc           41%        N/A       24%         6
 Call Canine Familiar     Summ           21%        N/A       28%         3
 Confusing Touch          Hex            21%        N/A       28%         3
 Inner Flame              Hex/Fire       21%        N/A       28%         3
 Tukima's Dance           Hex            21%        N/A       28%         3
 Lightning Bolt           Conj/Air       31%        1d48      28%         5
 Freezing Cloud           Conj/Ice/Air   30%        6-21      30%         5
 Hailstorm                Conj/Ice       43%        3d10      34%         4
 Summon Forest            Summ/Tloc      29%        N/A       34%         5
 Olgreb's Toxic Radiance  Pois           38%        N/A       38%         4
 Storm Form               Tmut/Air       46%        N/A       38%         7
 Iron Shot                Conj/Erth      36%        9d7       56%         6
 Anguish                  Hex/Necr       10%        N/A       67%         4
 Cause Fear               Hex            10%        N/A       67%         4
 Dispel Undead            Necr           21%        3d11      67%         4
 Flame Wave               Conj/Fire      21%        2d7       67%         4
 Fulminant Prism          Conj/Hex       10%        3d9       67%         4
 Sticky Flame             Conj/Fire      21%        2d4       67%         4
 Metabolic Englaciation   Hex/Ice        21%        N/A       67%         5
 Conjure Ball Lightning   Conj/Air       31%        3x3d10    85%         6
 Iskenderun's Battlesphe  Conj           21%        2d7       95%         5
 Simulacrum               Ice/Necr       21%        N/A       99%         6
 Death Channel            Necr           10%        N/A       100%        6
 Summon Cactus Giant      Summ           10%        N/A       100%        6
 Enfeeble                 Hex            10%        N/A       100%        7
 Haunt                    Necr/Summ      10%        N/A       100%        7
 Spellforged Servitor     Conj/Summ      10%        N/A       100%        7
 Discord                  Hex            10%        N/A       100%        8
 Disjunction              Tloc           41%        N/A       100%        8
 Maxwell's Capacitive Co  Air            43%        ∞         100%        8
 Dragon's Call            Summ           10%        N/A       100%        9


Dungeon Overview and Level Annotations

Branches:
Dungeon (15/15) Zot: 35520  Temple (1/1) D:6 Zot: 8860    Lair (6/6) D:10 Zot: 35959
 Shoals (4/4) Lair:2 Zot: 30430   Snake (4/4) Lair:4 Zot: 28024   Slime (5/5) Lair:5 Zot: 34091
    Orc (2/2) D:9 Zot: 14549     Elf (3/3) Orc:2 Zot: 21121  Vaults (0/5) D:14
 Depths (4/4) D:15 Zot: 22682     Zot (5/5) Depths:4 Zot: 39541

Altars:
Ashenzari
Cheibriados
Dithmenos
Elyvilon
Fedhas
Gozag
Hepliaklqana
Kikubaaqudgha
Makhleb
Nemelex Xobeh
Okawaru
Qazlal
Ru
Sif Muna
Trog
Uskayaw
Vehumet
Wu Jian
Xom
Yredelemnul
Zin
The Shining One
Jiyva
Lugonu

Shops:
D:2 ?   D:4 =   D:7 *   D:12 *   Orc:2 [:*([   Elf:1 (*   Shoals:2 (
Shoals:4 =   Snake:3 !   Depths:1 (

Portals:
Hell: Depths:1 Depths:2 Depths:3 Depths:4
Abyss: Depths:3
Pandemonium: Depths:2 Depths:3
Ziggurat: Depths:3
Trove: D:15 (give 14 potions of heal wounds)

Annotations:
D:6 exclusion: downstairs
D:8 exclusion: downstairs
Lair:3 exclusion: death yak
Snake:2 Nikola
Elf:2 3 runed translucent doors
Depths:2 3 runed translucent doors, Foimof's ghost, adept FeVM; Muhabiwk's ghost, adept GnBr; Qootikaff's ghost, adept DgFi


Innate Abilities, Weirdness & Mutations

You are a living statue of rough stone.
Your actions are slow, but your melee attacks are powerful.
You are resistant to unholy torment.
Your maximum health is greatly increased.
You are immune to poison.
You cannot wear most types of armour.
You are amphibious.
You can wear up to eight rings at the same time.
Your skin changes colour to match your surroundings (Stealth+).
((Your rubbery body absorbs attacks. (AC +1, EV +1)))
((You are camouflaged when in or above water. (Stealth+)))
You have tentacles for arms and can constrict up to eight enemies at once.
You possess an exceptional clarity of mind.
Your flesh is heat resistant. (rF+)
Potions are less effective at restoring your health.


Message History

As you read the scroll of teleportation {!d}, it crumbles to dust.
You feel strangely unstable.
You feel the Orb delaying your translocation!
The orb of fire glows bright magenta.
The fireball explodes!
The fireball engulfs you! You resist.
The fireball engulfs the orb of fire.
The orb of fire completely resists.
The orb of fire glows yellow.
Strange energies course through your body.
Your system partially rejects the healing effects of potions.
Really quaff
i - 6 potions of heal wounds {!q!d}?
Your system partially rejects the healing.
You feel much better.
The orb of fire glows red.
The bolt of fire misses you.
The orb of fire glows red.
The bolt of fire hits the orb of fire.
The orb of fire completely resists.
The bolt of fire misses you.
The orb of fire glows deep purple.
The fireball explodes!
The fireball engulfs you!! You resist.
* * * LOW HITPOINT WARNING * * *
The orb of fire glows bright magenta.
The fireball explodes!
The fireball engulfs you! You resist.
* * * LOW HITPOINT WARNING * * *
The fireball engulfs the orb of fire.
The orb of fire completely resists.
The orb of fire glows deep purple.
The fireball explodes!
The fireball engulfs the orb of fire.
The orb of fire completely resists.
The fireball engulfs you!! You resist.
* * * LOW HITPOINT WARNING * * *
The fireball engulfs the orb of fire.
The orb of fire completely resists.
The fireball engulfs the orb of fire.
The orb of fire completely resists.
The orb of fire glows deep purple.
The fireball explodes!
The fireball engulfs the orb of fire.
The orb of fire completely resists.
The fireball engulfs you!! You resist.
* * * LOW HITPOINT WARNING * * *
The fireball engulfs the orb of fire.
The orb of fire completely resists.
The fireball engulfs the orb of fire.
The orb of fire completely resists.
The orb of fire glows yellow.
The bolt of fire hits the orb of fire.
The orb of fire completely resists.
The bolt of fire hits you! You resist.
You die...

,,,,** *,,,.yyXX*.,,,*
**,,,,,, ,,,**
**,,,,XXLD.,,,,** **,,,,,
,,** *,,,,,*DL*,,,,,,*
**,,,, ***
***###*#.######***********
#.# #*##.#.# *,,,,,,,, #
#####.# #*..*#.# *,,,,,,,,
# #.....# ####.#.#
*,,,,,,,, #
#..##.######*#.# *,,,,,,,,
# #.........8**#.#
*,,<,,,,, #
#..##.########.# *,,,,,,,,
# #..##[# #.# *,,,,,,,, ##
#..##.# #.# #........
.######..##.########.#
#........
.^..⌠................#
#........
.######.###.#######..#
#........ .# #.# #.# #.⌠#
#........ .# #.# #.# #..#
#........


You could see 3 orbs of fire.

Vanquished Creatures
  the Royal Jelly (Slime:5)
  An orb of fire (Zot:5)
  Mara (Snake:3)
  A juggernaut (Depths:4)
  A Killer Klown (Zot:5)
  Vv (Depths:3)
  A curse toe (Zot:5)
  4 caustic shrikes (Depths:4)
  2 golden dragons
  A profane servitor (Depths:4)
  An electric golem (Zot:1)
  Jorgrun (Shoals:1)
  A lich (Depths:3)
  2 tentacled monstrosities
  7 Orb Guardians (Zot:5)
  A walking crystal tome (Depths:2)
  A titan (Depths:3)
  20 acid blobs
  Gastronok (Lair:2)
  5 quicksilver dragons
  4 death cobs
  2 sphinxes
  2 shadow dragons (Depths:4)
  Kirke (Shoals:1)
  Polyphemus (Shoals:4)
  2 draconian monks
  Donald (Snake:4)
  5 tengu reavers
  7 fire giants
  6 nagarajas
  17 azure jellies
  2 storm dragons
  A draconian knight (Depths:4)
  16 rockslimes
  7 frost giants
  A deep elf elementalist (Elf:2)
  2 iron dragons
  A balrug (Depths:4)
  An orc warlord (Orc:2)
  Aizul (Snake:1)
  2 draconian shifters
  3 draconian scorchers
  3 draconian annihilators
  7 stone giants
  4 draconian stormcallers
  23 quicksilver oozes
  21 very ugly things
  3 vampire knights
  A dire elephant (D:15)
  3 yellow draconians
  5 green draconians
  8 white draconians
  2 deep elf demonologists (Elf:1)
  4 red draconians
  Azrael (Elf:1)
  4 purple draconians
  4 merfolk javelineers (Shoals:4)
  2 black draconians
  8 spark wasps
  A deep elf death mage (Elf:1)
  8 merfolk impalers
  2 pearl dragon zombies (Depths:4)
  6 ettins
  7 fire dragons
  2 boulder beetles
  4 great orbs of eyes (Slime:5)
  Fannar (D:12)
  5 rakshasas
  A vault guard (D:15)
  14 hydras
  Harold (Lair:2)
  3 salamander tyrants
  9 ice dragons
  A catoblepas (shapeshifter) (Depths:4)
  An alligator snapping turtle (Shoals:4)
  2 catoblepae
  2 merfolk avatars
  2 merfolk aquamancers (Shoals:4)
  3 centaur warriors
  A death knight (Depths:4)
  9 dancing weapons
  6 two-headed ogres
  4 deep troll earth magi
  12 naga warriors
  8 anacondas
  13 death yaks
  5 deep troll shamans
  8 tengu warriors
  A vampire mage (Depths:3)
  7 spriggan berserkers
  An orc high priest (Orc:2)
  10 naga sharpshooters
  3 hell hogs
  13 shock serpents
  2 soul eaters (Depths:3)
  2 spriggans (Depths:4)
  14 hell knights
  Nergalle (Orc:1)
  A sun demon (Depths:3)
  5 salamander mystics
  4 skeletal warriors
  5 iron trolls
  15 deep elf knights
  A sixfirhy (Depths:3)
  9 sea snakes
  A shadow demon (Depths:3)
  8 naga ritualists
  A glowing orange brain (shapeshifter) (Depths:1)
  A golden dragon zombie (Depths:1)
  5 glowing orange brains
  6 deep trolls
  A sphinx zombie (Depths:1)
  9 deep elf archers
  A golden dragon skeleton (Depths:2)
  4 necromancers
  11 harpies
  A wizard (Depths:1)
  31 deep elf pyromancers
  7 mana vipers
  3 orc knights
  17 ugly things
  6 cyclopes
  5 shining eyes
  2 orc sorcerers (Orc:2)
  A sphinx skeleton (Depths:1)
  17 manticores
  18 deep elf zephyrmancers
  3 fauns (Shoals:2)
  8 moths of wrath
  26 elephants
  12 salamanders
  7 merfolk sirens
  45 black mambas
  5 water nymphs
  A molten gargoyle (Depths:2)
  12 cane toads
  2 eyes of devastation
  A rust devil (Depths:3)
  4 apis skeletons (Depths:4)
  2 orange demons (Depths:3)
  A smoke demon (Depths:4)
  14 naga magi
  4 guardian serpents
  4 rime drakes
  2 unseen horrors
  A kobold demonologist (D:10)
  10 komodo dragons
  2 hellwings (Depths:3)
  A spark wasp simulacrum (Depths:2)
  4 tengu conjurers
  2 trolls (D:14)
  22 merfolk
  6 polar bears
  6 wind drakes
  5 hornets
  23 blink frogs
  2 spriggan zombies (Depths:1)
  Prince Ribbit (D:6)
  6 snapping turtles
  9 dream sheep
  98 slime creatures
  2 frost giant simulacra (Depths:2)
  2 air elementals (Elf:2)
  7 water elementals
  Sigmund (D:6)
  An ettin skeleton (Depths:2)
  A spriggan skeleton (Depths:1)
  4 wyverns
  43 yaks
  A wraith (D:11)
  2 steam dragons
  A chaos spawn (Depths:3)
  7 fire elementals
  7 golden eyes (Slime:5)
  6 basilisks
  11 vampire mosquitoes
  2 wargs (Orc:2)
  38 nagas
  18 water moccasins
  3 hell hounds (Elf:1)
  A floating eye (Depths:2)
  24 orc warriors
  3 black bears
  3 ogres
  12 wolves
  8 centaurs
  A phantom (D:4)
  19 kobold brigands
  17 bullfrogs
  A gnoll sergeant (D:11)
  3 scorpions
  An earth elemental (Elf:1)
  Blork the orc (Orc:2)
  3 necrophages
  9 wights
  An electric eel (D:7)
  7 howler monkeys
  20 orc priests
  A hound (D:5)
  5 jellies
  A gnoll bouda (D:8)
  Jessica (D:2)
  2 iguanas
  25 orc wizards
  9 gnolls
  6 adders
  A shadow imp (D:6)
  A worm (D:4)
  7 dart slugs
  75 orcs
  5 endoplasms
  4 giant cockroaches
  5 goblins
  6 hobgoblins
  3 jackals (D:2)
  22 kobolds
  A quokka (D:3)
  7 ball pythons
  6 bats
  5 frilled lizards
  8 rats
  A butterfly (Lair:5)
1482 creatures vanquished.

Vanquished Creatures (collateral kills)
  An ufetubus (D:7)
1 creature vanquished.

Vanquished Creatures (others)
  A draconian knight (Zot:1)
  A sea snake (Shoals:4)
  A deep elf zephyrmancer (Elf:3)
  A smoke demon (Depths:4)
  A human (Shoals:1)
  An orc wizard (D:10)
  29 fungi
  66 plants
  20 withered plants
121 creatures vanquished.

Grand Total: 1604 creatures vanquished

Notes
Turn   | Place    | Note
-------+----------+-------------------------------------------
     0 | D:1      | buhh the Octopode Transmuter began the quest for the Orb.
     0 | D:1      | Reached XP level 1. HP: 13/13 MP: 3/3
   135 | D:1      | Reached XP level 2. HP: 18/18 MP: 1/5
   809 | D:2      | Found Turchoh's Magic Scroll Emporium.
   817 | D:2      | Bought a scroll of teleportation for 42 gold pieces
   820 | D:2      | Learned a level 2 spell: Wereblood
   963 | D:2      | Reached XP level 3. HP: 19/23 MP: 4/6
  1594 | D:2      | Found a faded altar of an unknown god.
  1596 | D:2      | Noticed Jessica
  1607 | D:2      | Killed Jessica
  1608 | D:2      | Reached XP level 4. HP: 9/29 MP: 7/7
  1899 | D:3      | Learned a level 3 spell: Spider Form
  1963 | D:3      | Identified the +7 short sword of Innocence {flame, *Noise
                  | rElec rF++ rCorr}
  2385 | D:3      | Found a blossoming altar of Fedhas.
  2504 | D:3      | Reached XP level 5. HP: 28/34 MP: 6/8
  3042 | D:4      | Found Keam Vunaa's Jewellery Shop.
  3208 | D:4      | Noticed a phantom
  3383 | D:4      | Reached XP level 6. HP: 31/42 MP: 7/9
  3748 | D:5      | Entered Level 5 of the Dungeon
  3834 | D:5      | Reached XP level 7. HP: 39/47 MP: 2/10
  3912 | D:5      | Reached skill level 5 in Unarmed Combat
  4020 | D:5      | Found a hide-covered altar of Uskayaw.
  4073 | D:5      | Identified the amulet of Wijebuom {Regen+ Str+7 Dex-3}
  4269 | D:5      | Found a burning altar of Makhleb.
  4445 | D:6      | Found a staircase to the Ecumenical Temple.
  4456 | D:6      | Reached skill level 5 in Dodging
  4470 | Temple   | Entered the Ecumenical Temple
  4600 | D:6      | Noticed Sigmund
  4622 | D:6      | Reached XP level 8. HP: 47/54 MP: 9/11
  4716 | D:6      | Killed Sigmund
  4717 | D:6      | Reached skill level 5 in Fighting
  4893 | D:6      | Found an opulent altar of Gozag.
  5020 | D:6      | Noticed Prince Ribbit
  5028 | D:6      | Killed Prince Ribbit
  5129 | D:6      | Found a glowing golden altar of the Shining One.
  5486 | D:7      | Found Yklullof's General Store.
  5498 | D:7      | Reached XP level 9. HP: 57/62 MP: 6/12
  5519 | D:7      | Noticed a hornet
  5749 | D:8      | Found an iron altar of Okawaru.
  5774 | D:8      | Identified 3 scrolls of acquirement
  5774 | D:8      | Acquired the ring of Birdsong {Str+6 Dex+4}
  5775 | D:8      | Acquired the ring of the Serpent {rCorr Dex+3}
  5776 | D:8      | Acquired 1134 gold pieces
  6031 | D:8      | Reached skill level 5 in Transmutations
  6089 | D:8      | Reached skill level 5 in Ice Magic
  6408 | D:8      | Found a glowing silver altar of Zin.
  6414 | D:8      | Learned a level 4 spell: Ice Form
  6610 | D:9      | Noticed a two-headed ogre
  6610 | D:9      | Noticed a hornet
  6702 | D:7      | Found a hazy altar of Hepliaklqana.
  6726 | D:7      | Found a snail-covered altar of Cheibriados.
  6751 | D:7      | Killed a hornet
  6757 | D:7      | Became a worshipper of Cheibriados the Contemplative
  6872 | D:7      | Found a shimmering altar of Xom.
  6924 | D:7      | Found an ornate altar of the Wu Jian Council.
  7023 | D:7      | Bought a phial of floods for 480 gold pieces
  7120 | D:4      | Bought a +4 ring of protection for 468 gold pieces
  7397 | D:9      | Noticed a two-headed ogre
  7401 | D:9      | Noticed a two-headed ogre
  7412 | D:9      | Killed a two-headed ogre
  7413 | D:9      | Reached XP level 10. HP: 34/71 MP: 10/13
  7527 | D:9      | Reached * piety under Cheibriados
  7843 | D:9      | Found a staircase to the Orcish Mines.
  7908 | D:9      | Noticed a centaur warrior
  7923 | D:9      | Killed a centaur warrior
  7952 | D:10     | Entered Level 10 of the Dungeon
  8213 | D:10     | Found a stormy altar of Qazlal.
  8224 | D:10     | Found a staircase to the Lair.
  8500 | D:10     | Reached ** piety under Cheibriados
  8589 | D:10     | Found a sacrificial altar of Ru.
  8702 | D:10     | Found a shadowy altar of Dithmenos.
  8716 | D:10     | Reached skill level 8 in Fighting
  8717 | D:10     | Reached skill level 8 in Unarmed Combat
  8721 | D:10     | Reached skill level 8 in Dodging
  8749 | D:10     | Reached XP level 11. HP: 77/77 MP: 12/14
  8778 | D:10     | Reached *** piety under Cheibriados
  8786 | D:10     | Noticed a sun demon
  9261 | Lair:1   | Entered Level 1 of the Lair of Beasts
  9277 | Lair:1   | Reached skill level 8 in Transmutations
  9346 | D:10     | Acquired 350 gold pieces
  9348 | D:10     | Acquired a book of the Dragon
  9462 | Lair:1   | Reached **** piety under Cheibriados
 10498 | Lair:2   | Reached XP level 12. HP: 86/86 MP: 10/15
 10584 | Lair:2   | Noticed Gastronok
 10608 | Lair:2   | Killed Gastronok
 10651 | Lair:2   | Noticed Harold
 10658 | Lair:2   | Killed Harold
 10732 | Lair:2   | Found a staircase to the Shoals.
 11599 | Lair:3   | Noticed a five-headed hydra
 11614 | Lair:3   | Killed a five-headed hydra
 11617 | Lair:3   | Noticed an eight-headed hydra
 11623 | Lair:3   | Reached skill level 10 in Fighting
 11628 | Lair:3   | Reached skill level 10 in Dodging
 11628 | Lair:3   | Reached skill level 10 in Unarmed Combat
 11629 | Lair:3   | Reached skill level 5 in Invocations
 11635 | Lair:3   | Killed an eight-headed hydra
 11672 | Lair:3   | Noticed a death yak
 11728 | Lair:3   | Reached ***** piety under Cheibriados
 11729 | Lair:3   | Reached skill level 10 in Transmutations
 12056 | Lair:3   | Reached XP level 13. HP: 92/92 MP: 15/18
 12337 | Lair:3   | Reached skill level 8 in Invocations
 13045 | Lair:4   | Found a staircase to the Snake Pit.
 13927 | Lair:5   | Reached skill level 10 in Invocations
 14181 | Lair:5   | You fall into a shaft and drop 1 floor!
 14181 | Lair:6   | Entered Level 6 of the Lair of Beasts
 14214 | Lair:6   | Found a burning altar of Makhleb.
 14233 | Lair:6   | Reached XP level 14. HP: 68/99 MP: 19/22
 14843 | Lair:6   | Reached ****** piety under Cheibriados
 15150 | Orc:1    | Entered Level 1 of the Orcish Mines
 15222 | Orc:1    | Noticed Nergalle
 15231 | Orc:1    | Killed Nergalle
 15632 | Orc:2    | Entered Level 2 of the Orcish Mines
 16145 | Orc:2    | Found a staircase to the Elven Halls.
 16202 | Orc:2    | Found Dygintaf's Antique Armour Shoppe.
 16378 | Orc:2    | Noticed an orc warlord
 16395 | Orc:2    | Killed an orc warlord
 16424 | Orc:2    | Noticed Blork the orc
 16432 | Orc:2    | Killed Blork the orc
 16461 | Orc:2    | Found Oriwetse's Antique Weapon Shoppe.
 16481 | Orc:2    | Found Emawnuda's Book Shoppe.
 16583 | Orc:2    | Bought a book of Spatial Translocations for 416 gold pieces
 16746 | Orc:2    | Found Xauskoxu's Antique Armour Shoppe.
 16836 | Orc:2    | Found Etowoar's General Store.
 16842 | Orc:2    | Bought a potion of experience for 600 gold pieces
 16842 | Orc:2    | Reached XP level 15. HP: 103/103 MP: 24/24
 18482 | D:12     | Noticed Fannar
 18495 | D:12     | Killed Fannar
 18496 | D:12     | Reached skill level 15 in Transmutations
 18601 | D:12     | Found Bicrybov's Assorted Antiques.
 18605 | D:12     | Bought a potion of curing for 81 gold pieces
 18605 | D:12     | Bought a golden potion for 24 gold pieces
 18605 | D:12     | Bought a golden potion for 24 gold pieces
 18605 | D:12     | Bought a brightly glowing sling for 175 gold pieces
 18605 | D:12     | Identified the +8 sling "Dicko" {venom, Dex+3} (You bought
                  | it in a shop on level 12 of the Dungeon)
 18605 | D:12     | Bought a scroll labelled QIN DURADI for 27 gold pieces
 18822 | D:12     | Reached skill level 5 in Earth Magic
 18954 | D:12     | Reached XP level 16. HP: 109/109 MP: 21/25
 20433 | D:13     | Learned a level 6 spell: Statue Form
 20441 | D:13     | Learned a level 5 spell: Manifold Assault
 20737 | D:14     | Reached skill level 8 in Earth Magic
 20889 | D:14     | You fall into a shaft and drop 1 floor!
 20889 | D:15     | Entered Level 15 of the Dungeon
 21076 | D:14     | Found a gate to the Vaults.
 21244 | D:14     | Found a hide-covered altar of Uskayaw.
 21633 | Elf:1    | Entered Level 1 of the Elven Halls
 21641 | Elf:1    | Reached skill level 10 in Earth Magic
 21696 | Elf:1    | Got the Papyrus of Rallying
 21875 | Elf:1    | Noticed Azrael
 21888 | Elf:1    | Killed Azrael
 22035 | Elf:1    | Found Zesaem's Neck Hole.
 22069 | Elf:1    | Found Xyhy's Weapon Shoppe.
 22240 | Elf:1    | Got the Handbook of Sweltering Hexes
 22653 | Elf:1    | Reached XP level 17. HP: 115/115 MP: 24/26
 23276 | Elf:2    | Reached skill level 5 in Spellcasting
 23339 | Elf:2    | Paralysed by an air elemental for 1 turns
 23881 | Elf:2    | Found a runed translucent gate.
 23883 | Elf:2    | Found a runed translucent gate.
 23887 | Elf:2    | Found a runed translucent gate.
 24050 | Elf:3    | Entered Level 3 of the Elven Halls
 24618 | Snake:1  | Entered Level 1 of the Snake Pit
 24716 | Snake:1  | Found the +10 morningstar "Eos" {elec, Halo rElec}
 24722 | Snake:1  | Noticed Aizul
 24727 | Snake:1  | Killed Aizul
 25289 | Snake:2  | Noticed Nikola
 25466 | Snake:3  | Reached skill level 8 in Spellcasting
 25737 | Snake:3  | Noticed Mara
 25751 | Snake:3  | Noticed buhh's illusion
 25757 | Snake:3  | Killed Mara
 25759 | Snake:3  | Reached XP level 18. HP: 116/120 MP: 31/31
 25823 | Snake:3  | Reached skill level 15 in Earth Magic
 26185 | Snake:3  | Found Surghuf's Distillery.
 26203 | Snake:3  | Bought a potion of mutation for 136 gold pieces
 26203 | Snake:3  | Bought a potion of degeneration for 17 gold pieces
 26203 | Snake:3  | Bought a potion of curing for 51 gold pieces
 26203 | Snake:3  | Bought a potion of curing for 51 gold pieces
 26203 | Snake:3  | Bought a potion of heal wounds for 85 gold pieces
 26203 | Snake:3  | Bought 2 potions of curing for 102 gold pieces
 26203 | Snake:3  | Bought a potion of heal wounds for 85 gold pieces
 26203 | Snake:3  | Bought a potion of brilliance for 68 gold pieces
 26787 | Snake:4  | Entered Level 4 of the Snake Pit
 26804 | Snake:4  | Reached skill level 10 in Spellcasting
 27129 | Snake:4  | Noticed Donald
 27137 | Snake:4  | Killed Donald
 27570 | Snake:4  | Got a serpentine rune of Zot
 28558 | Shoals:1 | Entered Level 1 of the Shoals
 28560 | Shoals:1 | Noticed Jorgrun
 28565 | Shoals:1 | Killed Jorgrun
 28591 | Shoals:1 | Noticed Kirke
 28598 | Shoals:1 | Killed Kirke
 28701 | Shoals:2 | Reached XP level 19. HP: 129/129 MP: 33/33
 28751 | Shoals:2 | Found Kagoab's Weapon Shoppe.
 29087 | Shoals:4 | Entered Level 4 of the Shoals
 29087 | Shoals:4 | Found Veggip's One-of-a-Kind Rings.
 29314 | Shoals:4 | Reached skill level 5 in Shields
 29812 | Shoals:4 | Got a barnacled rune of Zot
 30267 | Shoals:4 | Noticed Polyphemus
 30276 | Shoals:4 | Killed Polyphemus
 31503 | Lair:5   | Found a viscous altar of Jiyva.
 31503 | Lair:5   | Found a staircase to the Slime Pits.
 31926 | Lair:6   | Reached skill level 8 in Translocations
 32233 | Lair:6   | Identified the +4 glaive "Wom Ziuh" {vamp, *Rage +Blink
                  | rElec Stlth+}
 32380 | Slime:1  | Entered Level 1 of the Pits of Slime
 33009 | Slime:2  | Reached XP level 20. HP: 139/139 MP: 17/34
 33338 | Slime:3  | Gained mutation: You sometimes lose your temper in combat.
                  | [a shining eye]
 34914 | Slime:5  | Entered Level 5 of the Pits of Slime
 34921 | Slime:4  | Lost mutation: You sometimes lose your temper in combat.
                  | [potion of mutation]
 34921 | Slime:4  | Gained mutation: You possess an exceptional clarity of
                  | mind. [potion of mutation]
 34921 | Slime:4  | Gained mutation: Your flesh is heat resistant. (rF+)
                  | [potion of mutation]
 34921 | Slime:4  | Gained mutation: Your mind is acute. (Int +4, Str/Dex -1)
                  | [potion of mutation]
 35512 | Slime:5  | Noticed the Royal Jelly
 35705 | Slime:5  | Reached skill level 8 in Shields
 36878 | Slime:5  | Reached skill level 10 in Translocations
 36884 | Slime:5  | Lost mutation: Your mind is acute. (Int +4, Str/Dex -1) [a
                  | shining eye]
 38513 | D:15     | Identified the +6 morningstar "Roumor" {drain, rF+ Will+}
 39208 | D:15     | Found a portal to a secret trove of treasure.
 39264 | D:15     | Found a staircase to the Depths.
 39390 | Depths:1 | Entered Level 1 of the Depths
 39935 | Depths:1 | Found a gateway to Hell.
 39951 | Depths:1 | Found Feqec's Weapon Emporium.
 40381 | Depths:1 | Reached XP level 21. HP: 146/146 MP: 32/35
 40413 | Depths:1 | Found a basalt altar of Yredelemnul.
 40912 | Depths:2 | Noticed Qootikaff's ghost (adept DgFi)
 40912 | Depths:2 | Noticed Qootikaff's ghost (adept DgFi)
 40912 | Depths:2 | Found a runed translucent gate.
 40912 | Depths:2 | Found a runed translucent gate.
 40912 | Depths:2 | Found a runed translucent gate.
 40913 | Depths:2 | Noticed Foimof's ghost (adept FeVM)
 40913 | Depths:2 | Noticed Muhabiwk's ghost (adept GnBr)
 41943 | Depths:2 | Found a one-way gate leading to the halls of Pandemonium.
 42178 | Depths:2 | Found a white marble altar of Elyvilon.
 42379 | Depths:2 | Reached skill level 5 in Air Magic
 42907 | Depths:2 | Noticed a golden dragon
 42917 | Depths:2 | Killed a golden dragon
 43451 | Depths:2 | Found the +7 lajatang of Order {silver, rMut}
 43624 | Depths:3 | Found the necklace of Bloodlust {*Rage Will++ Int-3 Slay+6}
 43650 | Depths:3 | Noticed Vv
 43661 | Depths:3 | Killed Vv
 43832 | Depths:3 | Found a one-way gateway to a ziggurat.
 43949 | Depths:3 | Found a one-way gate to the infinite horrors of the Abyss.
 44087 | Depths:3 | Identified the +7 hand axe of Kismet {venom, rPois rC-
                  | rN+++ Dex-5}
 44298 | Depths:3 | Reached XP level 22. HP: 156/156 MP: 3/36
 44627 | Depths:3 | Reached skill level 15 in Unarmed Combat
 44829 | Depths:3 | Reached skill level 15 in Fighting
 44829 | Depths:3 | Reached skill level 15 in Dodging
 44965 | Depths:4 | Entered Level 4 of the Depths
 44972 | Depths:4 | Noticed a caustic shrike
 44973 | Depths:4 | Noticed a caustic shrike
 44974 | Depths:4 | Noticed a caustic shrike
 44974 | Depths:4 | Noticed a caustic shrike
 44976 | Depths:4 | Killed a caustic shrike
 44978 | Depths:4 | Killed a caustic shrike
 44980 | Depths:4 | Killed a caustic shrike
 44980 | Depths:4 | Noticed a profane servitor
 44981 | Depths:4 | Reached skill level 8 in Air Magic
 44982 | Depths:4 | Noticed a juggernaut
 44982 | Depths:4 | Killed a caustic shrike
 44990 | Depths:4 | Killed a profane servitor
 44993 | Depths:4 | Killed a juggernaut
 46152 | Depths:4 | Found a basalt altar of Yredelemnul.
 46329 | Depths:4 | Found a gate to the Realm of Zot.
 46354 | Depths:4 | Paralysed by a vampire knight for 3 turns
 46433 | Depths:4 | Found an iron altar of Okawaru.
 49648 | Slime:5  | Killed the Royal Jelly
 50033 | Slime:5  | Got a slimy rune of Zot
 50034 | Slime:5  | Identified the amulet "Yhaemij" {RegenMP +Inv}
 50064 | Slime:5  | Got the Enchiridion on the Frigid Assassin
 50098 | Slime:5  | Identified the +3 quarterstaff of Fate {venom, *Slow rPois
                  | Str+4}
 50688 | Zot:1    | Entered Level 1 of the Realm of Zot
 50691 | Zot:1    | Acquired the +1 tower shield of the Slightly Bent {rElec
                  | Int+4 Stlth+}
 50704 | Zot:1    | Acquired 917 gold pieces
 50828 | Zot:1    | Reached XP level 23. HP: 165/165 MP: 37/37
 50894 | Zot:1    | Reached skill level 10 in Air Magic
 51241 | Zot:2    | Noticed a golden dragon
 51244 | Zot:2    | Killed a golden dragon
 51509 | Zot:3    | You fall into a shaft and drop 1 floor!
 51839 | Zot:5    | Entered Level 5 of the Realm of Zot
 52072 | Zot:5    | Noticed a curse toe
 52076 | Zot:5    | Noticed a Killer Klown
 52086 | Zot:5    | Killed a curse toe
 52095 | Zot:5    | Killed a Killer Klown
 52361 | Zot:5    | Noticed an orb of fire
 52362 | Zot:5    | Noticed an orb of fire
 52362 | Zot:5    | Noticed an orb of fire
 52362 | Zot:5    | Noticed an orb of fire
 52363 | Zot:5    | Noticed an orb of fire
 52364 | Zot:5    | Noticed an orb of fire
 52366 | Zot:5    | Noticed an ancient lich
 52366 | Zot:5    | Noticed an orb of fire
 52366 | Zot:5    | Noticed a dread lich
 52367 | Zot:5    | Killed an orb of fire
 52367 | Zot:5    | Noticed an orb of fire
 52368 | Zot:5    | Noticed a dread lich
 52373 | Zot:5    | Gained mutation: Potions are less effective at restoring
                  | your health. [an orb of fire]
 52375 | Zot:5    | Killed from afar by an orb of fire

Illustrated notes

Levels and vault maps discovered:
D:1:      erik_arrival_blinker_ship, layout_basic
D:2:      kennysheep_six_static_rooms, layout_loops_cross, serial_shops,
          nicolae_shop_waterfront, basic_ecumenical_altar,
          dilly_guarded_unrand_morg, uniq_jessica
D:3:      layout_basic, fedhas_altar_1, minmay_increasing_density
D:4:      layout_gridville, minmay_shop_enchanted_jewellery,
          minmay_manual_mandibuliform, uniq_natasha
D:5:      layout_rooms, lemuel_doored_altar, mainiacjoe_overflow_paths,
          hangedman_abyss_or_decor_stagger, kennysheep_pointless_box
D:6:      layout_basic, nicolae_gozag_seed_capital, tso_metal_star,
          minmay_temple_entry_proselytizer, uniq_prince_ribbit1, uniq_sigmund
D:7:      layout_rooms, cheibriados_altar_1, kennysheep_little_box,
          xom_butterflies, mainiacjoe_overflow_small_starburst, serial_shops,
          nicolae_shop_crystal, serial_bayou_ford_a
D:8:      layout_loops_ring, kennysheep_mini, zin_treasury, chequers_avenue,
          dk_vineyard_1
D:9:      layout_roguey, orc_0_dummy, lightli_fourway_metalbox
D:10:     layout_roguey [special_room_kobold], nicolae_dithmenos_the_darkroom,
          hangedman_ru_absence, general_overflow_altar,
          kennysheep_generic_room_3
D:11:     layout_loops_ring
D:12:     layout_loops_ring, serial_shops, nicolae_shop_behind_doors,
          grunt_ministairs_8, uniq_fannar
D:13:     layout_long_grid
D:14:     layout_rooms, erik_vaults_1, nicolae_uskayaw_en_pointe
D:15:     hangedman_depths_entry_try_elsewhere_first, layout_loops_corners,
          minmay_crystal_room, serial_co_window_serial, co_window_corner_a,
          co_window_corner_a, co_window_corner_a, co_window_paths_a,
          co_window_corner_a, co_window_of_opportunity_b, co_window_corner_ca,
          co_window_paths_c, co_window_paths_c, co_window_broadway_b,
          co_window_4corner_a, co_window_paths_e, glass_columns_a,
          glass_columns_a, glass_columns_a, enter_trove_5,
          hangedman_decor_clover_reticule
Temple:   corrupted_temple
Lair:1:   layout_layer_cave, beast_lair_carwin_3, infiniplex_staircase_pool_2,
          grunt_megastairs_1, serial_bayou_shore_a, serial_bayou_shore_b,
          lemuel_fruit_fields
Lair:2:   layout_loops_ring, minmay_shoals_entry_beasts, beast_lair_carwin_9,
          uniq_harold, uniq_gastronok
Lair:3:   layout_regular_city, gauntlet_entry_generic
Lair:4:   layout_regular_city, guppyfry_snake_entry_island, lemuel_fruit_tree
Lair:5:   layout_regular_city, slime_entry_1, lemuel_fruit_fields
Lair:6:   grunt_lair_end_beastmaster, layout_long_grid, basic_altar
Shoals:1: layout_shoals, lemuel_altar_in_water, uniq_kirke, uniq_jorgrun
Shoals:2: layout_shoals, serial_shops, shop, nicolae_square_shop,
          nicolae_shop_window_shopping
Shoals:3: layout_shoals
Shoals:4: shoals_end_grunt_ice, layout_shoals, nicolae_shop_unique_rings,
          nicolae_shoals_nautilus_by_nature, uniq_polyphemus
Snake:1:  layout_misc_corridors, nicolae_snake_serpentine_hallways, uniq_aizul
Snake:2:  nicolae_snake_crotalidae_crossing, layout_cave_town, uniq_nikola
Snake:3:  layout_layer_cave, serial_shops, shop_fountains,
          nicolae_snake_gridmaze_tees, uniq_mara
Snake:4:  snake_pit, layout_misc_corridors, nicolae_snake_omega, uniq_donald
Slime:1:  layout_caves, cheibrodos_slime_lost_civilization_4
Slime:2:  layout_caves
Slime:3:  layout_caves
Slime:4:  nicolae_slime_pool, layout_caves, basic_altar
Slime:5
Orc:1:    layout_diamond_mine, uniq_nergalle
Orc:2:    grunt_orc_cross, layout_caves, serial_shops, shop, mines_bat_river
Elf:1:    elf_arrival_002, layout_onion_city, serial_shops, shop,
          minmay_elf_demonology, nicolae_shop_sticking_my_neck_out, uniq_azrael
Elf:2:    elven_hall_of_blades_hangedman_original
          [nicolae_vaults_blade_armed_guards], layout_geoelf_octagon,
          grunt_ministairs_10, nicolae_elf_big_sculpture_1, drop_trap,
          nicolae_elevator_lobby_asterisk
Elf:3:    minmay_elf_hall_dome, layout_geoelf_grid, minivault_25,
          nicolae_elf_stair_hall
Depths:1: kennysheep_blocky_room, layout_gridlike, hell_entry,
          corexii_corridor_pit, serial_shops, nicolae_shop_bloodbath_and_beyond,
          lemuel_zombie_altar_yredelemnul
Depths:2: cell_vault, layout_cave_pools, hell_entry, gammafunk_ghost_cemetery,
          pan_entry, elyvilon_altar_5, chequers_serial_rivers_micro_a,
          infiniplex_staircase_zigzag_2
Depths:3: nzn_winding_woodlands_small [nzn_winding_woodlands_5x15_crooked,
          nzn_winding_woodlands_center_triple_pond,
          nzn_winding_woodlands_5x15_garden], layout_gridlike, enter_ziggurat_e,
          grunt_pan_entry_spiral, minmay_misc_feat_ornament, hell_entry,
          abyss_entry, uniq_vv
Depths:4: grunt_crosshair, layout_basic, lightli_too_deep, okawaru_trees_2,
          hangedman_blasphemy
Zot:1:    layout_gridlike, nicolae_transmutations_shop, grunt_megastairs_4
Zot:2:    layout_onion_interference, grunt_ministairs_3
Zot:3:    layout_gridlike
Zot:4:    layout_gridlike
Zot:5:    layout_gridlike, drop_trap

Skill      XL: |  1  2  3  4  5  6  7  8  9 10 11 12 13 14 15 16 17 18 19 20 21 22 23 |
---------------+----------------------------------------------------------------------+-----
Stealth        | 1 2 |  2.0
Poison Magic   | 1 2 |  2.0
Fighting       | 2 3 4 6 7 8 9 10 11 12 13 14 16 | 16.6
Dodging        | 3 4 5 6 7 8 9 10 11 12 13 14 16 | 16.6
Unarmed Combat | 4 5 6 7 8 9 10 11 12 13 14 16 | 16.6
Ice Magic      | 2 5 |  5.0
Transmutations | 3 6 7 8 10 12 14 15 | 15.0
Invocations    | 3 7 11 13 | 13.0
Translocations | 6 8 10 | 10.0
Earth Magic    | 5 12 14 15 | 15.0
Spellcasting   | 4 9 10 | 10.0
Shields        | 4 7 9 |  9.3
Air Magic      | 3 7 9 10 | 10.8

Action                   |  1- 3 |  4- 6 |  7- 9 | 10-12 | 13-15 | 16-18 | 19-21 | 22-24 || total
-------------------------+-------+-------+-------+-------+-------+-------+-------+-------++-------
Melee: Unarmed           |    61 |   145 |   222 |   370 |   612 |   652 |  1290 |   595 ||  3947
       Constrict         |    22 |    24 |    14 |     7 |     1 |   116 |    67 |    56 ||   307
       Kick              |    22 |    24 |    30 |       |       |       |       |       ||    76
       Tentacles         |    13 |    23 |    13 |     7 |     1 |   166 |   130 |   104 ||   457
       Punch             |     2 |     3 |     5 |     2 |       |    53 |    63 |    44 ||   172
 Cast: Beastly Appendage |    23 |    22 |    25 |       |       |       |       |       ||    70
       Spider Form       |       |     6 |    20 |     7 |       |       |       |       ||    33
       Wereblood         |       |       |     6 |     6 |    10 |       |       |     2 ||    24
       Ice Form          |       |       |       |    41 |    88 |    12 |       |       ||   141
       Statue Form       |       |       |       |       |       |   117 |   151 |    60 ||   328
       Manifold Assault  |       |       |       |       |       |    28 |   380 |   153 ||   561
Invok: Step From Time    |       |       |       |       |     3 |       |     6 |     1 ||    10
       Slouch            |       |       |       |       |       |     6 |       |       ||     6
Evoke: Wand              |       |       |    16 |       |     5 |     1 |       |     1 ||    23
  Use: Potion            |       |     3 |     1 |     1 |     3 |     1 |     6 |     4 ||    19
       Scroll            |       |     1 |    18 |     9 |     8 |     8 |     2 |    11 ||    57
 Stab: Sleeping          |     8 |    11 |     3 |     5 |    12 |     8 |     8 |     1 ||    56
       Distracted        |       |       |       |       |       |     1 |       |       ||     1
       Petrified         |       |       |       |       |       |       |     2 |       ||     2
Armor: Skin              |     5 |    12 |     5 |    73 |   177 |   395 |   368 |   178 ||  1213
Dodge: Dodged            |    25 |    72 |   194 |   343 |   790 |  1374 |  1273 |   841 ||  4912
Block: Kite shield       |       |       |       |       |       |       |   578 |   397 ||   975
       Tower shield      |       |       |       |       |       |       |       |   254 ||   254

Table legend: (Time is in decaauts)
 A = Elapsed time spent in this place.
 B = Non-inter-level travel time spent in this place.
 C = Inter-level travel time spent in this place.
 D = Time resting spent in this place.
 E = Time spent auto-exploring this place.
 F = Levels seen in this place.
 G = Mean time per level.
                   A        B        C        D        E       F      G
               +--------+--------+--------+--------+--------+-----+--------+
         Total |  82000 |  74106 |   7894 |   9451 |  53881 |  49 | 1673.5 |
       Dungeon |  21189 |  18903 |   2286 |   1040 |  15355 |  15 | 1412.6 |
        Temple |     92 |     80 |     12 |      0 |     75 |   1 |   92.0 |
          Lair |  11895 |  10105 |   1790 |     90 |   8587 |   6 | 1982.5 |
        Shoals |   5566 |   5283 |    283 |    224 |   3778 |   4 | 1391.5 |
     Snake Pit |   7974 |   7340 |    634 |     98 |   6096 |   4 | 1993.5 |
    Slime Pits |  10067 |   9467 |    600 |   5152 |   3246 |   5 | 2013.4 |
  Orcish Mines |   3457 |   2557 |    900 |    315 |   1831 |   2 | 1728.5 |
   Elven Halls |   5876 |   4943 |    933 |     10 |   4235 |   3 | 1958.7 |
        Depths |  13325 |  12927 |    398 |   1676 |   9661 |   4 | 3331.2 |
           Zot |   2554 |   2498 |     56 |    844 |   1012 |   5 |  510.8 |
               +--------+--------+--------+--------+--------+-----+--------+

Top non-repeatable levels by time:
 Slime:4: 3980 daAuts
Depths:3: 3653 daAuts
Depths:1: 3613 daAuts
Depths:2: 3372 daAuts
Shoals:4: 3276 daAuts
   Elf:1: 3219 daAuts
 Snake:3: 2998 daAuts
    D:15: 2854 daAuts
Depths:4: 2685 daAuts
 Slime:3: 2411 daAuts
 Snake:4: 2318 daAuts
  Lair:6: 2114 daAuts
    D:10: 2069 daAuts
  Lair:5: 2011 daAuts
 Snake:2: 2003 daAuts
